 Dungeon Crawl Stone Soup version 0.29-a0-352-g0917bc69df (webtiles) character file.

Game seed: 17037444913429396357

2395 greenreed the Shield-Bearer (level 9, -3/74 HPs)
             Began as a Gnoll Fighter on Apr 23, 2022.
             Was a Follower of Elyvilon.
             Slain by a two-headed ogre
             ... wielding a +0 dire flail
              (7 damage)
             ... on level 5 of the Dungeon.
             The game lasted 00:16:42 (7583 turns).

greenreed the Shield-Bearer (Gnoll Fighter)         Turns: 7583, Time: 00:16:43

Health: -3/74      AC: 15    Str: 20    XL:     9   Next: 46%
Magic:  15/15      EV: 11    Int:  8    God:    Elyvilon [*.....]
Gold:   307        SH:  5    Dex: 11    Spells: 16/16 levels left

rFire   . . .      SeeInvis .   a - +0 rapier
rCold   . . .      Faith    .   c - +0 buckler
rNeg    . . .      Spirit   .   b - +0 scale mail
rPois   .          Reflect  .   w - +0 helmet
rElec   .          Harm     .   v - +0 cloak
rCorr   .          Rampage  .   y - +0 pair of gloves
Will    .....                   f - +2 pair of boots
Stlth   +.........              (no amulet)
HPRegen 0.22/turn               p - ring of flight
MPRegen 0.14/turn               (no ring)

@: flying
A: fangs 1, strong nose, distributed training
a: Renounce Religion, Purification


You were on level 5 of the Dungeon.
You worshipped Elyvilon.
Elyvilon was aware of your devotion.
You visited 2 branches of the dungeon, and saw 7 of its levels.
You also visited: Sewer.

You collected 307 gold pieces.

Inventory:

Hand Weapons
 a - a +0 rapier (weapon)
Missiles
 g - 5 poisoned darts (quivered)
Armour
 b - a +0 scale mail (worn)
 c - a +0 buckler (worn)
 f - a +2 pair of boots (worn)
 h - a +1 robe of cold resistance
 v - a +0 cloak (worn)
 w - a +0 helmet (worn)
 y - a +0 pair of gloves (worn)
Jewellery
 p - a ring of flight (left hand)
 x - an amulet of the acrobat
Wands
 d - a wand of digging (2)
Scrolls
 e - 3 scrolls of immolation
 l - a scroll of noise
 m - 2 scrolls of teleportation {unknown}
 r - a scroll of identify {unknown}
 u - a scroll of brand weapon {unknown}
 B - a scroll of enchant armour {unknown}
 C - 2 scrolls of enchant weapon {unknown}
 D - a scroll of fog {unknown}
Potions
 i - 3 potions of haste
 j - 2 potions of mutation {unknown}
 k - 3 potions of heal wounds
 n - 2 potions of degeneration {unknown}
 o - 2 potions of brilliance {unknown}
 t - 3 potions of ambrosia {unknown}
 z - a potion of flight {unknown}
 A - a potion of magic {unknown}


   Skills:
 + Level 7.9 Fighting
 + Level 6.3 Short Blades
 + Level 4.2 Long Blades
 + Level 4.2 Axes
 + Level 4.2 Maces & Flails
 + Level 4.2 Polearms
 + Level 4.2 Staves
 + Level 4.2 Slings
 + Level 4.2 Bows
 + Level 4.2 Crossbows
 + Level 4.2 Throwing
 + Level 7.9 Armour
 + Level 4.2 Dodging
 + Level 4.2 Stealth
 + Level 7.9 Shields
 + Level 4.2 Unarmed Combat
 + Level 4.2 Spellcasting
 + Level 3.5 Conjurations
 + Level 3.5 Hexes
 + Level 3.5 Summonings
 + Level 3.5 Necromancy
 + Level 3.5 Translocations
 + Level 3.5 Transmutations
 + Level 3.5 Fire Magic
 + Level 3.5 Ice Magic
 + Level 3.5 Air Magic
 + Level 3.5 Earth Magic
 + Level 3.5 Poison Magic
 + Level 4.7 Invocations
 + Level 4.2 Evocations


You had 16 spell levels left.
You didn't know any spells.
Your spell library contained the following spells:

 Spells                   Type           Power      Damage    Failure   Level
 Corpse Rot               Necr/Air       14%        N/A       30%         2
 Dazzling Flash           Conj/Hex       14%        N/A       52%         3
 Dispel Undead            Necr           7%         3d8       90%         4
 Iskenderun's Mystic Bla  Conj/Tloc      7%         2d4       90%         4
 Death Channel            Necr           3%         N/A       100%        6
 Starburst                Conj/Fire      3%         6d3       100%        6


Dungeon Overview and Level Annotations

Branches:
Dungeon (6/15)             Temple (1/1) D:5           Sewer (visited)

Altars:
Ashenzari
Dithmenos
Elyvilon
Hepliaklqana
Kikubaaqudgha
Makhleb
Nemelex Xobeh
Okawaru
Qazlal
Sif Muna
Trog
Uskayaw
Vehumet
Yredelemnul
Zin

Shops:
D:1 *


Innate Abilities, Weirdness & Mutations

You have very sharp teeth.
Your uncanny sense of smell can sniff out nearby items.
Your experience applies equally to all skills.


Message History

The kobold misses you.
The two-headed ogre struggles against the net.
The net rips apart, and the two-headed ogre comes free!
You hit the two-headed ogre.
The two-headed ogre is lightly wounded.
The kobold hits you but does no damage.
The two-headed ogre hits you with a +0 dire flail!
You block the two-headed ogre's attack.
You completely miss the two-headed ogre.
Your bite misses the two-headed ogre.
The two-headed ogre is lightly wounded.
The kobold hits you but does no damage.
You hit the two-headed ogre.
The two-headed ogre is moderately wounded.
The kobold hits you but does no damage.
The two-headed ogre hits you with a +0 dire flail!
The two-headed ogre hits you with a +0 giant club!
You puncture the two-headed ogre!
The two-headed ogre is heavily wounded.
The kobold hits you but does no damage.
You hit the two-headed ogre.
The two-headed ogre is heavily wounded.
The two-headed ogre hits you with a +0 dire flail!!
* * * LOW HITPOINT WARNING * * *
The two-headed ogre hits you with a +0 giant club!
* * * LOW HITPOINT WARNING * * *
The kobold closely misses you.
You hit the two-headed ogre but do no damage.
The two-headed ogre is heavily wounded.
The kobold closely misses you.
The two-headed ogre hits you but does no damage.
The two-headed ogre closely misses you.
You hit the two-headed ogre but do no damage.
The two-headed ogre is heavily wounded.
You block the kobold's attack.
You hit the two-headed ogre.
You bite the two-headed ogre, but do no damage.
The two-headed ogre is heavily wounded.
The two-headed ogre hits you with a +0 dire flail!
You die...

# #.# ##.## ###. ### #.# #.# #...
..# ##.####### #[# #.#) #.#
#........# ##?## #... #.#
#..#####.# ##.[)## #.## #.#
#..#####.# ##.....## #.## #.#
#......#.###.......## #..#
#.#####.#......##.........####...
................@O>.......'......
#.#####........##K........####...
......#........###.......#####..#
#.###.###.....## ##.....###......
..# #.# ##...#######...## #.##.#.
..# #.# ###..........## #.##..<
..# #.# #..######..# #.####. ..#
#.# #..# #..# #.# #. ..# #.#
#..#### #..## #.####.


You could see a two-headed ogre and a kobold.

Vanquished Creatures
  Pikel (D:4)
  Grinder (D:2)
  Sigmund (D:5)
  Eustachio (D:5)
  Pargi (Sewer)
  An ice beast (D:5)
  2 ogres
  2 centaurs (D:5)
  A phantom (D:5)
  A kobold brigand (D:5)
  A scorpion (D:5)
  3 vampire bats (D:4)
  2 howler monkeys (D:5)
  4 hounds
  An iguana (D:5)
  3 orc wizards
  3 gnolls (D:6)
  11 adders
  A shadow imp (D:5)
  3 worms
  14 orcs
  4 bat skeletons (D:4)
  2 bat zombies (D:4)
  8 endoplasms
  A giant cockroach (D:1)
  7 goblins
  11 hobgoblins
  10 jackals (D:1)
  4 kobolds
  A quokka (D:2)
  5 ball pythons
  3 bats (D:2)
  9 frilled lizards
  8 rats
131 creatures vanquished.

Vanquished Creatures (others)
  3 plants
3 creatures vanquished.

Grand Total: 134 creatures vanquished

Notes
Turn   | Place    | Note
-------+----------+-------------------------------------------
     0 | D:1      | greenreed the Gnoll Fighter began the quest for the Orb.
     0 | D:1      | Reached XP level 1. HP: 23/23 MP: 1/1
   254 | D:1      | Reached XP level 2. HP: 29/29 MP: 2/2
   329 | D:1      | Found Qigeaw's General Store.
   542 | D:1      | Reached XP level 3. HP: 31/35 MP: 3/3
   987 | D:2      | Reached skill level 1 in Long Blades
   987 | D:2      | Reached skill level 1 in Axes
   987 | D:2      | Reached skill level 1 in Maces & Flails
   987 | D:2      | Reached skill level 1 in Polearms
   987 | D:2      | Reached skill level 1 in Staves
   987 | D:2      | Reached skill level 1 in Slings
   987 | D:2      | Reached skill level 1 in Bows
   987 | D:2      | Reached skill level 1 in Crossbows
   987 | D:2      | Reached skill level 1 in Throwing
   987 | D:2      | Reached skill level 1 in Dodging
   987 | D:2      | Reached skill level 1 in Stealth
   987 | D:2      | Reached skill level 1 in Unarmed Combat
   987 | D:2      | Reached skill level 1 in Spellcasting
   987 | D:2      | Reached skill level 1 in Invocations
   987 | D:2      | Reached skill level 1 in Evocations
   987 | D:2      | Reached XP level 4. HP: 40/41 MP: 5/5
  1110 | D:2      | Reached skill level 1 in Conjurations
  1110 | D:2      | Reached skill level 1 in Hexes
  1110 | D:2      | Reached skill level 1 in Summonings
  1110 | D:2      | Reached skill level 1 in Necromancy
  1110 | D:2      | Reached skill level 1 in Translocations
  1110 | D:2      | Reached skill level 1 in Transmutations
  1110 | D:2      | Reached skill level 1 in Fire Magic
  1110 | D:2      | Reached skill level 1 in Ice Magic
  1110 | D:2      | Reached skill level 1 in Air Magic
  1110 | D:2      | Reached skill level 1 in Earth Magic
  1110 | D:2      | Reached skill level 1 in Poison Magic
  1842 | D:2      | Found a faded altar of an unknown god.
  2022 | D:3      | Found a hazy altar of Hepliaklqana.
  2080 | D:3      | Identified the +2 ring mail of Ulookuc {rElec rPois}
  2127 | D:3      | Noticed Grinder
  2305 | D:2      | Paralysed by Grinder for 2 turns
  2310 | D:2      | Paralysed by Grinder for 4 turns
  2335 | D:2      | Killed Grinder
  2336 | D:2      | Reached skill level 5 in Short Blades
  2336 | D:2      | Reached XP level 5. HP: 12/47 MP: 5/7
  2336 | D:2      | Reached XP level 6. HP: 14/53 MP: 5/8
  2787 | D:3      | Found a sparkling altar of Nemelex Xobeh.
  2793 | D:3      | Found a bloodstained altar of Trog.
  3231 | D:4      | Found an ancient bone altar of Kikubaaqudgha.
  3271 | D:4      | Reached XP level 7. HP: 50/59 MP: 10/10
  3853 | D:4      | Noticed Pikel
  3855 | D:4      | Found a hide-covered altar of Uskayaw.
  3905 | D:4      | Killed Pikel
  3906 | D:4      | Reached XP level 8. HP: 7/67 MP: 10/12
  4304 | D:5      | Entered Level 5 of the Dungeon
  4569 | D:5      | Noticed Sigmund
  4597 | D:5      | Killed Sigmund
  4714 | D:5      | Found a staircase to the Ecumenical Temple.
  4725 | Temple   | Entered the Ecumenical Temple
  5047 | Temple   | Became a worshipper of Elyvilon the Healer
  5135 | D:5      | Noticed Eustachio
  5216 | D:5      | Killed Eustachio
  5217 | D:5      | Reached XP level 9. HP: 32/72 MP: 14/14
  6576 | D:6      | Reached * piety under Elyvilon
  6596 | D:6      | Found a burning altar of Makhleb.
  6616 | D:6      | Found a glowing drain.
  6625 | Sewer    | Entered a sewer
  6826 | Sewer    | Noticed Pargi
  6859 | Sewer    | Killed Pargi
  7177 | D:6      | Noticed a two-headed ogre
  7580 | D:5      | HP: 3/74 [two-headed ogre/+0 dire flail (11)]
  7583 | D:5      | Slain by a two-headed ogre

Illustrated notes

Levels and vault maps discovered:
D:1:      pf_arrival_petrified_forest, layout_loops_ring, serial_shops, shop
D:2:      layout_basic, shapermc_ecumenical_altar_petra
D:3:      layout_basic, mainiacjoe_overflow_catwalk_spiral,
          mainiacjoe_overflow_alcove_4, minmay_checkerbox, uniq_grinder
D:4:      layout_loops_cross, kennysheep_vampire_church,
          eat_drink_and_be_merry_uskayaw, minmay_misc_feat_tiny, uniq_pikel
D:5:      layout_loops_corners, minmay_temple_entry_overgrown,
          minmay_misc_feat_four_crosses, uniq_sigmund, uniq_eustachio
D:6:      layout_cave_pools, bloody_makhleb, cheibrodos_sewer_entry_drain,
          hangedman_decor_growths
Temple:   compressed_dpeg_triangle_lava_temple

Skill      XL: |  1  2  3  4  5  6  7  8  9 |
---------------+----------------------------+-----
Long Blades    | 1 2 3 4 |  4.2
Axes           | 1 2 3 4 |  4.2
Maces & Flails | 1 2 3 4 |  4.2
Polearms       | 1 2 3 4 |  4.2
Staves         | 1 2 3 4 |  4.2
Slings         | 1 2 3 4 |  4.2
Bows           | 1 2 3 4 |  4.2
Crossbows      | 1 2 3 4 |  4.2
Throwing       | 1 2 3 4 |  4.2
Dodging        | 1 2 3 4 |  4.2
Stealth        | 1 2 3 4 |  4.2
Unarmed Combat | 1 2 3 4 |  4.2
Spellcasting   | 1 2 3 4 |  4.2
Invocations    | 1 2 3 4 |  4.7
Evocations     | 1 2 3 4 |  4.2
Conjurations   | 1 2 3 |  3.5
Hexes          | 1 2 3 |  3.5
Summonings     | 1 2 3 |  3.5
Necromancy     | 1 2 3 |  3.5
Translocations | 1 2 3 |  3.5
Transmutations | 1 2 3 |  3.5
Fire Magic     | 1 2 3 |  3.5
Ice Magic      | 1 2 3 |  3.5
Air Magic      | 1 2 3 |  3.5
Earth Magic    | 1 2 3 |  3.5
Poison Magic   | 1 2 3 |  3.5
Short Blades   | 5 6 |  6.3
Fighting       | 7 |  7.9
Armour         | 7 |  7.9
Shields        | 7 |  7.9

Action                   |  1- 3 |  4- 6 |  7- 9 || total
-------------------------+-------+-------+-------++-------
Melee: Rapier            |    72 |   205 |   550 ||   827
       Bite              |     6 |    19 |    68 ||    93
Throw: Dart              |       |     6 |       ||     6
       Throwing net      |       |     1 |     1 ||     2
  Use: Potion            |       |     2 |     6 ||     8
       Scroll            |       |       |     4 ||     4
Armor: Scale mail        |    28 |   143 |   320 ||   491
Dodge: Dodged            |    13 |   135 |   282 ||   430
Block: Buckler           |    18 |    82 |   137 ||   237

Table legend: (Time is in decaauts)
 A = Elapsed time spent in this place.
 B = Non-inter-level travel time spent in this place.
 C = Inter-level travel time spent in this place.
 D = Time resting spent in this place.
 E = Time spent auto-exploring this place.
 F = Levels seen in this place.
 G = Mean time per level.
                   A        B        C        D        E       F      G
               +--------+--------+--------+--------+--------+-----+--------+
         Total |   7540 |   7176 |    364 |    778 |   4804 |   8 |  942.5 |
       Dungeon |   6881 |   6589 |    292 |    778 |   4370 |   6 | 1146.8 |
        Temple |    340 |    268 |     72 |      0 |    248 |   1 |  340.0 |
         Sewer |    318 |    318 |      0 |      0 |    186 |   1 |  318.0 |
               +--------+--------+--------+--------+--------+-----+--------+

Top non-repeatable levels by time:
     D:5: 2169 daAuts
     D:2: 1483 daAuts
     D:4: 1252 daAuts
     D:1: 842 daAuts
     D:3: 726 daAuts
     D:6: 407 daAuts
  Temple: 340 daAuts
   Sewer: 318 daAuts
